Map: Odyssey LE

Players

SamuraiFunn - Winner!

  • Race: Protoss Protoss
  • League: Platinum
  • Spawn Location: 5:00

A.I. 1 (Elite)

  • Race: Protoss Protoss
  • Spawn Location: 11:00

VOD

Have the link to the VOD?

Description

Time

  • Played on: Nov. 26, 2017, 8:14 p.m.
  • Length: 15:35
Show
View Real Time Build Order
Export as new Build Order

SamuraiFunn Protoss - Winner!

Build Orders:  

Get SALT Encoding   

  12  0:01  Probe  
  13  0:13  Probe  
  14  0:19  Pylon  
  14  0:25  Probe  
  15  0:37  Probe  
  15  0:39  Gateway  
  16  0:49  Probe  
  17  1:01  Probe  
  17  1:02  Assimilator  
  18  1:13  Probe  
  18  1:15  Gateway  
  19  1:19  Pylon  
  19  1:22  Assimilator  
  19  1:25  Probe  
  20  1:38  Probe  
  20  1:39  Zealot  
  23  1:50  Probe  
  24  2:02  Probe  
  25  2:10  Nexus  
  25  2:14  Probe  
  26  2:19  Zealot  
  28  2:24  Cybernetics Core  
  28  2:26  Probe  
  29  2:38  Probe, Gateway  
  30  2:50  Probe  
  31  3:02  Assimilator  
  31  3:05  Pylon  
  31  3:07  Pylon  
  31  3:21  Probe  
  32  3:30  Assimilator  
  32  3:34  Probe  
  33  3:46  Probe x2  
  35  3:51  Zealot  
  35  3:52  Zealot x2  
  35  3:54  Warp Gate (Chrono Boost)  
  41  4:04  Pylon  
  41  4:05  Probe x2  
  43  4:10  Twilight Council  
  43  4:17  Probe x2  
  43  4:18  Stalker  
  43  4:19  Stalker x2  
  51  4:27  Pylon  
  51  4:29  Probe  
  51  4:30  Pylon  
  51  4:31  Probe  
  53  4:41  Probe  
  53  4:43  Probe  
  55  4:53  Probe  
  55  4:55  Probe  
  57  5:03  Robotics Facility  
  57  5:04  Robotics Facility  
  57  5:06  Probe  
  58  5:07  Probe  
  59  5:18  Probe  
  59  5:19  Probe  
  61  5:30  Probe  
  61  5:31  Probe  
  63  5:37  Gateway  
  63  5:44  Gateway  
  63  5:46  Forge  
  63  5:48  Probe x2  
  65  6:00  Probe x2  
  65  6:02  Nexus  
  67  6:08  Stalker x3  
  73  6:12  Probe x2  
  73  6:13  Pylon  
  73  6:17  Assimilator  
  75  6:22  Pylon  
  75  6:24  Probe x2  
  77  6:51  Probe x2  
  79  7:03  Probe x2  
  79  7:04  Zealot  
  79  7:05  Zealot  
  79  7:06  Stalker x3  
  91  7:13  Observer  
  91  7:14  Observer  
  93  7:28  Probe x3  
  96  7:35  Observer x2  
  98  7:40  Probe x3  
  98  7:42  Assimilator  
  101  7:46  Pylon  
  101  7:47  Zealot  
  101  7:48  Pylon, Zealot x4  
  111  7:56  Probe x2, Immortal  
  117  8:04  Probe, Immortal  
  122  8:05  Pylon  
  122  8:09  Pylon  
  122  8:12  Protoss Ground Weapons Level 1 (Chrono Boost)  
  122  8:13  Pylon  
  122  8:16  Pylon  
  122  8:20  Robotics Facility  
  122  8:24  Robotics Facility  
  122  8:31  Pylon, Blink  
  122  8:33  Pylon  
  122  8:38  Pylon  
  121  8:43  Stalker x2  
  121  8:44  Stalker x3  
  113  9:10  Stalker x4  
  113  9:11  Stalker  
  113  9:13  Immortal x2  
  93  9:39  Stalker x3  
  93  9:40  Stalker x2  
  103  9:47  Immortal x2  
  103  9:52  Immortal x2  
  119  9:54  Gateway  
  119  9:58  Gateway  
  119  10:02  Gateway  
  119  10:30  Nexus  
  119  10:32  Charge, Assimilator  
  119  10:36  Assimilator  
  119  10:39  Pylon  
  119  10:41  Pylon  
  119  10:43  Pylon  
  119  10:46  Stalker x3  
  119  10:47  Stalker x2  
  119  10:49  Protoss Shields Level 1  
  129  10:55  Forge  
  129  11:00  Dark Shrine  
  129  11:01  Templar Archives  
  129  11:13  Immortal  
  129  11:14  Immortal x3  
  143  11:46  Stalker x3  
  143  11:47  Stalker x5  
  151  11:52  Warp Prism x2  
  124  13:29  Stalker x2  
  124  13:30  Stalker x5  
  124  13:31  Stalker  
  134  13:58  Stalker x2  
  134  13:59  Stalker x3  
  134  14:00  Stalker  
Show
View Real Time Build Order
Export as new Build Order

A.I. 1 (Elite) Protoss 

Build Orders: Zealot Archon 

Get SALT Encoding   

  12  0:00  Probe  
  13  0:13  Probe  
  14  0:19  Pylon  
  14  0:25  Probe  
  15  0:37  Probe  
  15  0:40  Gateway  
  16  0:49  Probe, Assimilator  
  17  1:01  Probe, Pylon  
  18  1:13  Probe  
  19  1:25  Probe  
  19  1:28  Zealot  
  19  1:29  Cybernetics Core  
  22  1:37  Probe  
  23  1:42  Gateway  
  23  1:50  Probe  
  23  1:53  Pylon  
  24  2:02  Probe, Zealot  
  27  2:09  Assimilator  
  27  2:10  Warp Gate  
  27  2:14  Probe  
  28  2:26  Probe  
  28  2:28  Adept  
  28  2:29  Adept  
  33  2:42  Robotics Facility  
  33  2:44  Probe  
  34  2:56  Adept  
  34  2:57  Adept  
  38  3:05  Pylon  
  38  3:06  Probe  
  39  3:23  Adept  
  39  3:24  Sentry  
  43  3:33  Immortal  
  47  3:36  Pylon  
  47  3:54  Stalker x2  
  51  3:59  Pylon  
  51  4:12  Immortal  
  55  4:19  Probe, Pylon  
  56  4:28  Twilight Council  
  56  5:05  Templar Archives  
  56  5:12  Zealot  
  56  5:13  Gateway  
  58  5:19  Nexus  
  58  5:42  High Templar  
  60  5:53  High Templar  
  62  5:57  Forge  
  62  5:58  Archon  
  62  6:02  Pylon  
  62  6:17  Forge  
  62  6:22  High Templar  
  64  6:31  Probe x2  
  66  6:40  Assimilator  
  66  6:41  Assimilator  
  66  6:43  Probe  
  66  6:44  Probe  
  68  6:49  High Templar  
  70  6:55  Probe  
  70  6:56  Probe  
  70  6:59  Stalker  
  74  7:07  Probe  
  74  7:08  Probe, Nexus, Stalker  
  77  7:12  Archon  
  78  7:19  Probe  
  78  7:20  Probe  
  80  7:23  High Templar  
  80  7:27  Pylon  
  82  7:31  Probe  
  82  7:32  Probe  
  84  7:37  High Templar  
  84  7:43  Probe  
  87  7:45  Probe, Observer  
  87  7:49  Stalker  
  91  7:54  Pylon  
  91  7:55  Stalker  
  91  7:56  Probe  
  91  7:57  Probe  
  95  8:00  Archon  
  95  8:08  Probe  
  95  8:09  High Templar  
  95  8:12  Probe, Stalker  
  101  8:16  Pylon  
  101  8:21  Probe x2  
  101  8:25  Probe  
  104  8:27  High Templar  
  104  8:32  Assimilator  
  104  8:33  Probe  
  107  8:34  Probe, Assimilator  
  107  8:36  Stalker  
  107  8:37  Probe  
  111  8:41  Sentry  
  111  8:45  Probe  
  114  8:49  Probe x2  
  114  8:53  Archon  
  116  8:57  Probe  
  116  8:58  Psionic Storm  
  116  9:01  Probe x2, Zealot  
  116  9:02  Zealot  
  123  9:04  Pylon, Zealot  
  123  9:09  Probe  
  108  9:13  Probe x2  
  108  9:21  Probe, Stalker  
  108  9:22  Adept  
  108  9:23  Protoss Ground Weapons Level 1  
  99  9:24  Zealot  
  99  9:25  Probe  
  99  9:27  Probe  
  97  9:33  Probe  
  97  9:37  Probe  
  89  9:39  Probe  
  89  9:42  Adept  
  89  9:44  High Templar, Stalker  
  96  9:45  Probe  
  96  9:49  Probe  
  96  9:51  Protoss Ground Armor Level 1, Probe  
  99  9:57  Immortal  
  103  10:02  Zealot  
  104  10:07  Probe, Sentry  
  104  10:08  Pylon  
  104  10:12  Pylon  
  107  10:17  Gateway, Stalker  
  109  10:22  High Templar  
  109  10:24  Photon Cannon  
  111  10:30  Adept  
  111  10:32  Photon Cannon  
  111  10:34  Photon Cannon  
  113  10:36  Pylon, Warp Prism  
  113  10:40  Pylon, Adept  
  117  10:46  Archon  
  117  10:50  Stalker  
  117  10:52  Robotics Facility  
  117  10:54  High Templar  
  121  10:57  Nexus  
  121  11:00  Sentry  
  123  11:05  Blink  
  123  11:11  Photon Cannon, Warp Prism, Stalker  
  123  11:13  High Templar  
  123  11:17  Photon Cannon  
  128  11:23  Zealot  
  130  11:27  Zealot  
  130  11:29  Archon  
  130  11:32  Photon Cannon  
  132  11:34  Photon Cannon, Zealot  
  132  11:38  Gateway  
  132  11:39  Observer  
  135  11:43  Zealot  
  135  11:45  Robotics Facility, High Templar  
  135  11:47  High Templar  
  141  11:48  Protoss Ground Weapons Level 2, Observer  
  141  11:50  Stargate  
  142  11:54  Stalker  
  143  12:02  Archon  
  143  12:03  Zealot  
  143  12:07  Pylon  
  145  12:10  Probe  
  145  12:11  Probe  
  147  12:15  Assimilator  
  147  12:17  Zealot  
  147  12:18  Stalker  
  147  12:19  High Templar  
  147  12:21  Assimilator  
  147  12:22  Immortal  
  157  12:23  High Templar  
  157  12:27  Immortal  
  163  12:31  Stalker  
  163  12:33  Immortal  
  169  12:37  Zealot  
  169  12:41  Pylon, Zealot  
  167  12:51  Zealot  
  167  12:55  Zealot x2  
  167  12:56  Probe  
  167  12:57  Probe  
  168  12:59  Probe  
  153  13:05  Zealot  
  153  13:06  Pylon, Charge  
  153  13:07  Sentry  
  153  13:08  Probe  
  153  13:09  Probe  
  153  13:11  Adept  
  127  13:15  Stalker  
  127  13:17  Stalker  
  115  13:25  High Templar  
  93  13:30  Adept  
  93  13:32  Sentry, Probe  
  82  13:35  Probe  
  82  13:38  High Templar  
  82  13:40  Zealot  
  87  13:49  Immortal  
  87  13:50  Zealot  
  87  13:54  Adept  
  94  13:56  Archon  
  94  13:57  Stalker  
  94  14:00  Zealot  
  89  14:10  Zealot x2  
  89  14:14  Stalker  
  83  14:20  High Templar, Adept  
  70  14:24  Nexus  
  70  14:30  Sentry, Stalker  
  54  14:37  High Templar  
Tags
 
Composition
Zealot Archon
League
Platinum
Matchup
PvP
Replay Pack
First 100 games
Spawn Locations
Cross Positions
Add a new tag
Caveats
  • Supply blocks, unpowered buildings, or Contaminate may cause inaccurate times.
  • Supply counts are checked every 10 seconds.